 Dungeon Crawl Stone Soup version 0.30-a0-141-g30f27751c5 (webtiles) character file.

Game seed: 8383200781235847442

5 themarg the Insei (level 1, -1/17 HPs)
             Began as a Djinni Transmuter on Sept 25, 2022.
             Slain by a goblin
             ... wielding a +0 dagger
              (2 damage)
             ... on level 1 of the Dungeon.
             The game lasted 00:00:43 (289 turns).

themarg the Insei (Djinni Transmuter)                Turns: 289, Time: 00:00:44

Health: -1/17      AC:  2    Str:  9    XL:     1   Next: 88%
Gold:   13         EV: 12    Int: 14    God:
                   SH:  0    Dex: 13

rFire   + + .      SeeInvis .      - Unarmed
rCold   x . .      Faith    .    (no shield)
rNeg    . . .      Spirit   .    a - +0 robe
rPois   ∞          Reflect  .    (helmet currently unavailable)
rElec   .          Harm     .    (no cloak)
rCorr   .          Rampage  .    (no gloves)
Will    .....                    (boots unavailable)
Stlth   +.........               (no amulet)
HPRegen 0.05/turn                (no ring)
MPRegen 0.00/turn                (no ring)

@: appendages, flying
A: horns 2, flying, sickness immunity, fire resistance 2, cold vulnerability 1,
float, innate caster, HP casting, extra vitality 1
a: End Transformation


You were on level 1 of the Dungeon.
You had temporarily grown beastly horns.
You visited 1 branch of the dungeon, and saw 1 of its levels.

You collected 13 gold pieces.

Inventory:

Armour
 a - a +0 robe (worn)
Scrolls
 c - a scroll of silence {unknown}
Potions
 b - a potion of lignification


   Skills:
 + Level 1.2 Fighting
 + Level 2.3 Dodging
 + Level 3.1 Unarmed Combat
 + Level 1.6 Spellcasting


You couldn't memorise any spells.
You knew the following spells:

 Your Spells              Type           Power      Damage    Failure   Level
a - Beastly Appendage     Tmut           10%        N/A       12%         1
b - Wereblood             Tmut           5%         N/A       19%         2
c - Spider Form           Tmut/Pois      5%         N/A       36%         3
d - Ice Form              Ice/Tmut       5%         N/A       77%         4
Your spell library was empty.

Dungeon Overview and Level Annotations

Branches:
Dungeon (1/15)

Altars:


Innate Abilities, Weirdness & Mutations

You have temporarily grown beastly horns.
You are flying.
You are immune to sickness and miasma.
You are immune to poison.
Your flesh is very heat resistant. (rF++)
You are vulnerable to cold. (rC-)
You float through the air rather than walking.
You learn spells naturally, not from books.
Your magical power is your life essence.
You have superior vitality. (+4 MHP)


Message History

A ball python comes into view.
The bat attacks as you move away! The bat misses you.
The bat barely misses you. The bat hits you but does no damage.
You see here 12 gold pieces.
Casting: Beastly Appendage (safe; 13% risk of failure)
Confirm with . or Enter, or press ? or * to list all spells.
You aren't experienced enough to cast this spell.
You hit the bat. Your headbutt misses the bat.
The bat is heavily wounded.
Your horns disappear.
The bat barely misses you. The bat hits you but does no damage.
The bat hits you but does no damage. The bat barely misses you.
Casting: Beastly Appendage (safe; 13% risk of failure)
Confirm with . or Enter, or press ? or * to list all spells.
You grow a pair of large bovine horns.
The bat hits you but does no damage. The bat closely misses you.
The ball python bites you. The ball python grabs you.
The ball python constricts you. The bat hits you but does no damage.
The goblin hits you with a +0 dagger.
You hit the ball python but do no damage.
The bat hits you but does no damage. The ball python barely misses you.
The ball python constricts you. The goblin hits you with a +0 dagger.
You hit the ball python but do no damage.
The bat hits you but does no damage. The ball python bites you.
The ball python constricts you. The bat closely misses you.
The goblin closely misses you. The ball python bites you.
* * * LOW HITPOINT WARNING * * *
The ball python constricts you.
You escape the ball python's grasp.
The bat closely misses you. The goblin hits you with a +0 dagger.
* * * LOW HITPOINT WARNING * * *
You hit the goblin but do no damage. Your headbutt misses the goblin.
The bat barely misses you. The goblin hits you but does no damage.
You hit the ball python. You headbutt the ball python.
You kill the ball python!
The bat misses you. The goblin hits you with a +0 dagger.
* * * LOW HITPOINT WARNING * * *
You closely miss the goblin. The bat closely misses you.
The goblin hits you with a +0 dagger.
You die...

##..# ##..# ########## ..#
.. #......... ..##..#
########......... ....# #
#.......?......... ....#
#................. ....#
#................. ....#
#........b........
....#####.......@.........
................$g........
......#######+##...$......
###...# #..........
.##...# #..........
.##...# #..........
.##..... ...#########
###...... ..... ###.######
.......


You could see a goblin and a bat.

Vanquished Creatures
  An endoplasm (D:1)
  A quokka (D:1)
  2 ball pythons (D:1)
  A kobold (D:1)
  A rat (D:1)
6 creatures vanquished.

Notes
Turn   | Place    | Note
-------+----------+-------------------------------------------
     0 | D:1      | themarg the Djinni Transmuter began the quest for the Orb.
     0 | D:1      | themarg set off with the following spells memorised:
                  | Beastly Appendage, Wereblood, Spider Form, Ice Form.
     0 | D:1      | Reached XP level 1. HP: 17/17 MP: 0/0
   289 | D:1      | Slain by a goblin

Illustrated notes

Levels and vault maps discovered:
D:1:      lightli_iron_boxes, layout_basic

Action                   || total
-------------------------++-------
Melee: Unarmed           ||    16
       Headbutt          ||     2
 Cast: Beastly Appendage ||     6
Armor: Robe              ||     8
Dodge: Dodged            ||    18

Table legend: (Time is in decaauts)
 A = Elapsed time spent in this place.
 B = Non-inter-level travel time spent in this place.
 C = Inter-level travel time spent in this place.
 D = Time resting spent in this place.
 E = Time spent auto-exploring this place.
 F = Levels seen in this place.
 G = Mean time per level.
                   A        B        C        D        E       F      G
               +--------+--------+--------+--------+--------+-----+--------+
         Total |    288 |    288 |      0 |     92 |    144 |   1 |  288.0 |
       Dungeon |    288 |    288 |      0 |     92 |    144 |   1 |  288.0 |
               +--------+--------+--------+--------+--------+-----+--------+

Top non-repeatable levels by time:
     D:1: 288 daAuts
